 Dungeon Crawl Stone Soup version 0.27-a0-1590-g15f69828bf (webtiles) character file.

Game seed: 16034832894231893543

512032 siradein the Spry (level 26, -37/183 (193) HPs)
             Began as a Djinni Venom Mage on June 30, 2021.
             Was the Champion of Makhleb.
             Killed from afar by an ancient lich (108 damage)
             ... with a crystal spear
             ... on level 5 of the Vaults on July 19, 2021.
             The game lasted 08:21:18 (48737 turns).

siradein the Spry (Djinni Venom Mage)              Turns: 48737, Time: 08:21:19

HP:   -37/183 (193) AC: 13    Str: 10    XL:     26   Next: 89%
Gold: 4466          EV: 23    Int: 36    God:    Makhleb [******] SH: 14 Dex: 16

rFire    + + +     SeeInvis +   J - +6 trident of Animal Spirits {vorpal, rElec rC+ Int+3}
rCold    . . .     Faith    .   X - +1 kite shield {reflect}
rNeg     + + .     Spirit   .   o - +2 robe {Archmagi}
rPois    ∞         Reflect  +   Y - +2 helmet {Int+3}
rElec    +         Harm     .   Q - +0 cloak of Neyf Vuu {rN+ Int+3}
rCorr    +         Rampage  .   e - +1 pair of gloves "Adyp" {Will+}
Will     ++++.     Archmagi +   (boots unavailable)
Stlth    ++........             x - amulet of regeneration
HPRegen  1.40/turn              Z - ring "Suirchur" {Will+ rCorr Str+3}
MPRegen  0.00/turn              W - ring of Resogyce {rF+ rN+ SInv}

@: radiating poison, flying, studying 2 skills, drained
A: sickness immunity, fire resistance 2, cold vulnerability 1, float, innate
caster, hp casting, extra vitality 1
}: 2/15 runes: barnacled, gossamer
a: Renounce Religion, Minor Destruction, Lesser Servant of Makhleb, Major
Destruction, Greater Servant of Makhleb


You were on level 5 of the Vaults.
You worshipped Makhleb.
Makhleb was exalted by your worship.
You visited 9 branches of the dungeon, and saw 45 of its levels.
You also visited: Trove, Sewer, Wizlab and Desolation.

You collected 5799 gold pieces.
You spent 1333 gold pieces at shops.

Inventory:

Hand Weapons
 d - the +9 rapier of Unpleasantness {drain, rF+ Str+4 Int+3 Dex-5}
   (You acquired it on level 1 of the Depths)

   A truly terrible weapon, it drains the life of any living foe it strikes.
   Str:       It affects your strength (+4).
   Int:       It affects your intelligence (+3).
   Dex:       It affects your dexterity (-5).
   rF:        It protects you from fire.
 J - the +6 trident of Animal Spirits (weapon) {vorpal, rElec rC+ Int+3}
   (You took it off a ragged hierophant in the Desolation of Salt)

   It inflicts extra damage upon your enemies.
   Int:       It affects your intelligence (+3).
   rC:        It protects you from cold.
   rElec:     It insulates you from electricity.
Missiles
 i - a throwing net
Armour
 e - the +1 pair of gloves "Adyp" (worn) {Will+}
   (You found it in a treasure trove)

   Will:      It increases your willpower.
 n - a +4 tower shield of reflection
 o - a +2 robe of the Archmagi (worn)
 Q - the +0 cloak of Neyf Vuu (worn) {rN+ Int+3}
   (You found it on level 2 of the Depths)

   Int:       It affects your intelligence (+3).
   rN:        It protects you from negative energy.
 X - a +1 kite shield of reflection (worn)
 Y - a +2 helmet of intelligence (worn)
Magical Staves
 l - a staff of earth
 L - a staff of death
 O - a staff of poison
Jewellery
 x - an amulet of regeneration (around neck)
 A - an amulet of reflection
 W - the ring of Resogyce (right hand) {rF+ rN+ SInv}
   (You took it off a deep elf pyromancer on level 3 of the Elven Halls)

   [ring of see invisible]

   rF:        It protects you from fire.
   rN:        It protects you from negative energy.
   SInv:      It lets you see invisible.
 Z - the ring "Suirchur" (left hand) {Will+ rCorr Str+3}
   (You found it in the Desolation of Salt)

   [ring of resist corrosion]

   Str:       It affects your strength (+3).
   rCorr:     It protects you from acid and corrosion.
   Will:      It increases your willpower.
Wands
 a - a wand of polymorph (20)
 b - a wand of paralysis (72)
 k - a wand of charming (26)
 E - a wand of digging (32)
 G - a wand of iceblast (37)
 H - a wand of flame (132)
 K - a wand of acid (31)
 S - a wand of mindburst (22)
Scrolls
 f - 8 scrolls of magic mapping
 g - 2 scrolls of immolation
 m - 3 scrolls of summoning
 p - 10 scrolls of fear
 t - 4 scrolls of fog
 u - a scroll of brand weapon
 v - 24 scrolls of identify
 w - 16 scrolls of teleportation
 B - 3 scrolls of blinking
 I - 2 scrolls of enchant armour
 P - 2 scrolls of holy word
 V - 5 scrolls of enchant weapon
Potions
 c - 6 potions of mutation
 h - 19 potions of curing
 q - 8 potions of might
 r - 9 potions of heal wounds
 s - 5 potions of brilliance
 z - 4 potions of cancellation
 C - 6 potions of ambrosia
 D - 4 potions of resistance
 F - 5 potions of haste
 M - 4 potions of invisibility
 U - 3 potions of berserk rage
Miscellaneous
 j - a tin of tremorstones (2/2)
 y - a box of beasts
 N - a piece from Xom's chessboard (15/15)
 R - a lightning rod (4/4)
 T - a phantom mirror


   Skills:
 + Level 17.6 Fighting
 - Level 14.0 Armour
 + Level 19.1 Dodging
 - Level 1.5 Stealth
 + Level 15.7 Shields
 - Level 11.0 Unarmed Combat
 * Level 16.2 Spellcasting
 + Level 13.9 Invocations
 + Level 15.8 Evocations


You couldn't memorise any spells.
You knew the following spells:

 Your Spells              Type           Power      Damage    Failure   Level
a - Sting                 Tmut/Pois      100%       1d8       0%          1
b - Poisonous Vapours     Pois/Air       100%       N/A       0%          2
c - Mephitic Cloud        Conj/Pois/Air  100%       N/A       0%          3
d - Ignite Poison         Fire/Tmut/Pois 100%       N/A       0%          3
e - Olgreb's Toxic Radia  Pois           100%       N/A       0%          4
f - Sandblast             Erth           100%       2d20      0%          1
g - Blink                 Tloc           N/A        N/A       0%          2
h - Conjure Flame         Conj/Fire      100%       6-21      0%          3
i - Animate Dead          Necr           60%        N/A       0%          4
j - Ice Form              Ice/Tmut       100%       N/A       0%          4
k - Lee's Rapid Deconstr  Erth           60%        3d29*     1%          5
l - Dispersal             Tloc           60%        N/A       1%          6
m - Death Channel         Necr           60%        N/A       1%          6
n - Monstrous Menagerie   Summ           60%        N/A       1%          7
o - Summon Hydra          Summ           60%        N/A       1%          7
p - Borgnjor's Revivific  Necr           60%        N/A       10%         8
q - Necromutation         Tmut/Necr      60%        N/A       10%         8
Your spell library was empty.

Dungeon Overview and Level Annotations

Branches:
Dungeon (15/15)            Temple (1/1) D:6            Lair (6/6) D:10
 Shoals (4/4) Lair:2       Spider (4/4) Lair:4        Slime (0/5) Lair:6
    Orc (2/2) D:12            Elf (3/3) Orc:2        Vaults (5/5) D:13
  Crypt (0/3) Vaults:2     Depths (5/5) D:15            Zot (0/5) Depths:5
  Sewer (visited)          WizLab (visited)         Desolation (visited)

Altars:
Ashenzari
Cheibriados
Dithmenos
Gozag
Hepliaklqana
Kikubaaqudgha
Makhleb
Nemelex Xobeh
Okawaru
Qazlal
Ru
Sif Muna
Trog
Uskayaw
Vehumet
Xom
Yredelemnul
Zin
The Shining One
Beogh
Lugonu

Shops:
D:8 ??   D:10 =   Orc:1 ?   Orc:2 *(!?   Elf:2 (   Shoals:2 [   Vaults:4 (
Depths:2 *   Depths:5 [

Portals:
Hell: Depths:1 Depths:2 Depths:3 Depths:4 Depths:5
Abyss: Lair:2 Depths:4
Pandemonium: Depths:3 Depths:4
Ziggurat: Depths:1

Annotations:
Lair:2 Goiruwuw's ghost, adept MiGl
Depths:3 2 transporters


Innate Abilities, Weirdness & Mutations

You are immune to sickness and miasma.
You are immune to poison.
Your flesh is very heat resistant. (rF++)
You are vulnerable to cold. (rC-)
You float through the air rather than walking.
You learn spells naturally, not from books.
Your magical power is your life essence.
You have superior vitality. (+4 HP)


Message History

You hear a shout!
The vault sentinel looks as sick as possible!
The titan looks as sick as possible!
Your toxic aura wanes.
An ironbound convoker comes into view. It is wielding a +0 dire flail.
The ironbound convoker points at the titan and mumbles some strange words.
The titan seems to grow stronger.
Casting: Blink (safe; 0% risk of failure)
Confirm with . or Enter, or press ? or * to list all spells.
You feel a surge of power!
You ignite the poison in your surroundings!
The ironbound convoker seems to burn from within!!!
You kill the ironbound convoker!
Makhleb accepts your kill.
You feel better.
The tengu reaver seems to burn from within!!
The tengu reaver is severely wounded.
The vault sentinel seems to burn from within!!!!
You kill the vault sentinel!
Makhleb accepts your kill.
You feel better.
The titan seems to burn from within!!!
The titan is almost dead.
The ettin seems to burn from within!!!
You kill the ettin!
Makhleb accepts your kill.
You feel better.
The titan mumbles some strange words.
The titan is healed somewhat.
You block the ancient lich's attack.
Unknown command.
Casting: Ignite Poison (safe; 0% risk of failure)
Confirm with . or Enter, or press ? or * to list all spells.
You feel a surge of power!
You begin to radiate toxic energy.
The tengu reaver is poisoned.
The ironbound convoker is poisoned.
The titan is poisoned.
The titan looks even sicker.
The ancient lich barely misses you.
The ironbound convoker gestures at something while chanting.
The ancient lich gestures at you while chanting.
The crystal spear hits you!!!!
Ouch! That really hurt!
You die...

#. #.#...# # #.
#./..# .....#
#..#...## ....#
#..#..## ...# #....##
..)
#...D################
#####..
#.C....).............
.....))
#.......WC...........
.......
#......D.)Q.L@.....p.
......)
#....................
......p
#....################
#####.p #..... #...
#..#.. #..# #..##
..## #. ..# # #.. #


You could see a shadow dragon, a titan (strong, very poisoned), an ancient lich
(fast, invisible), a tengu reaver (poisoned), a shadow wraith (invisible) and an
ironbound convoker (poisoned).

Vanquished Creatures
  Boris (Vaults:2)
  Saint Roka (Orc:2)
  3 caustic shrikes (Depths:4)
  Nikola (Shoals:1)
  2 tentacled monstrosities (Depths:4)
  Rupert (D:13)
  A titan (Depths:4)
  3 liches
  4 deep elf blademasters (Elf:3)
  A titan (shapeshifter) (Vaults:3)
  4 deep elf master archers (Elf:3)
  3 tentacled starspawn (WizLab)
  3 krakens
  2 sphinxes
  3 tengu reavers
  The ghost of snackwell the Warrior, an adept KoHu of Hepliaklqana (Shoals:2)
  A draconian monk (Depths:5)
  The ghost of Demosthentine the Spry, an adept MfGl of the Shining One (Spider:1)
  Ilsuiw (Shoals:4)
  5 deep elf sorcerers
  5 fire giants
  2 ghost moths
  Louise (Spider:4)
  An emperor scorpion (Spider:3)
  2 orc warlords
  6 frost giants
  2 imperial myrmidons (Desolation)
  11 vault wardens
  5 deep elf elementalists
  A draconian shifter (WizLab)
  A spectral caustic shrike (Depths:2)
  6 stone giants
  14 ironbound preservers
  A war gargoyle (Vaults:3)
  A caustic shrike skeleton (Depths:4)
  14 very ugly things
  4 deep elf demonologists
  A reaper (Depths:4)
  4 deep elf annihilators
  A red draconian (Depths:5)
  2 vampire knights
  A black draconian (Depths:5)
  2 white draconians
  The ghost of Laraso the Impaler, a journeyman DsBe of Trog (Lair:6)
  2 entropy weavers
  8 spark wasps
  Snorg (D:11)
  4 merfolk javelineers
  8 ettins
  4 ragged hierophants (Desolation)
  6 deep elf death magi
  4 crystal guardians
  4 fire dragons
  A jiangshi (Depths:3)
  9 yaktaur captains
  Fannar (D:12)
  13 merfolk impalers
  3 deep elf high priests
  3 great orbs of eyes
  9 servants of whispers
  30 vault guards
  An ice dragon (Depths:1)
  6 boulder beetles
  2 quicksilver dragon skeletons
  3 ironbound thunderhulks
  12 hydras
  5 ogre magi
  5 spriggan air magi
  4 peacekeepers
  24 two-headed ogres
  17 centaur warriors
  4 ironbound frosthearts
  2 dancing weapons
  3 merfolk aquamancers
  7 death yaks
  2 catoblepae
  2 satyrs (Shoals:4)
  An alligator snapping turtle (Shoals:3)
  5 merfolk avatars
  A titan zombie (Depths:1)
  3 deep troll shamans
  Urug (D:11)
  6 tengu warriors
  A vampire mage (Depths:4)
  9 deep troll earth magi
  5 ironbound beastmasters
  3 spriggan berserkers
  A titan skeleton (Depths:4)
  A sun demon (Depths:1)
  The ghost of Nausicaa the Cleaver, a novice MiBe of Trog (D:11)
  A soul eater (Depths:4)
  6 iron trolls
  5 hell knights (Depths:4)
  22 deep elf knights
  57 deep trolls
  9 sea snakes
  2 glowing orange brains
  An orange crystal statue (Vaults:3)
  A golden dragon zombie (Depths:4)
  13 lindwurms
  16 deep elf archers
  12 ironbound convokers
  An obsidian statue (WizLab)
  37 deep elf pyromancers
  A phantasmal warrior (Vaults:2)
  6 nameless horrors
  12 necromancers
  8 orc knights
  2 wolf spider zombies (D:15)
  Pikel (D:7)
  6 harpies
  An orc sorcerer (Orc:2)
  42 ugly things
  24 wolf spiders
  25 deep elf zephyrmancers
  8 wizards
  2 human zombies (Vaults:3)
  11 orb spiders
  13 manticores
  An oklob plant (Lair:3)
  2 tengu skeletons (Vaults:3)
  A worldbinder (WizLab)
  14 fauns
  8 cyclopes
  A rust devil (Depths:4)
  8 merfolk sirens
  Maurice (D:8)
  4 salamanders
  7 elephants (Lair:6)
  10 vault sentinels
  3 guardian serpents (Desolation)
  3 black mambas
  5 centaur zombies
  A smoke demon (WizLab)
  2 torpor snails
  2 gargoyles
  A frost giant skeleton (Depths:1)
  5 water nymphs
  12 cane toads
  2 naga magi (D:15)
  3 molten gargoyles (Desolation)
  2 efreet
  A demonspawn skeleton (WizLab)
  16 yaktaurs
  A freezing wraith (D:15)
  6 rime drakes
  2 unseen horrors
  7 komodo dragons
  Psyche (D:8)
  6 kobold demonologists
  A tengu conjurer (Depths:3)
  2 demonic crawlers (Spider:3)
  2 red devils (WizLab)
  An ancient zyme (WizLab)
  A jumping spider (shapeshifter) (D:12)
  An ice devil (WizLab)
  3 polar bears
  A hellwing (WizLab)
  A meliai (shapeshifter) (Elf:3)
  26 jumping spiders
  27 merfolk
  8 trolls
  6 wind drakes
  21 hornets
  44 saltlings
  12 slime creatures
  10 dream sheep
  A fire dragon zombie (Depths:1)
  28 blink frogs
  12 snapping turtles
  A spriggan zombie (Depths:1)
  A spectral dream sheep (Lair:6)
  A flying skull (Vaults:2)
  2 air elementals
  A spectral black mamba (Lair:6)
  7 spriggans
  A shadow (D:12)
  A spriggan simulacrum (Depths:4)
  Sigmund (D:6)
  49 redbacks
  2 wraiths
  47 yaks
  20 tarantellas
  2 wyverns
  9 water elementals
  2 ynoxinuls
  A hog (shapeshifter) (Elf:3)
  A yak (shapeshifter) (D:13)
  16 humans (D:13)
  A steam dragon (D:8)
  6 basilisks
  An elf skeleton (Depths:1)
  Grum (D:9)
  A death yak simulacrum (Lair:6)
  2 fire elementals (Elf:2)
  A spatial vortex (WizLab)
  Menkaure (D:7)
  6 vampire mosquitoes (D:12)
  3 wargs
  A spectral cane toad (Lair:6)
  4 acid dragons
  A hell hound (WizLab)
  22 water moccasins
  A floating eye (Depths:4)
  Duvessa (D:7)
  A hornet zombie (D:9)
  An ice beast (D:6)
  16 orc warriors
  5 black bears
  3 necrophages (D:6)
  25 ogres
  25 wolves
  10 centaurs
  A centaur (shapeshifter) (Vaults:3)
  11 boggarts
  2 phantoms
  15 kobold brigands
  2 gnoll sergeants
  5 bullfrogs
  4 scorpions
  6 earth elementals
  A glowing shapeshifter simulacrum (Depths:4)
  A wyvern skeleton (D:7)
  Dowan (D:7)
  2 water moccasin skeletons
  A lindwurm simulacrum (Lair:6)
  A dream sheep simulacrum (Lair:6)
  12 wights
  3 electric eels
  3 howler monkeys (D:11)
  A bullfrog zombie (D:5)
  3 hounds
  A bullfrog skeleton (D:6)
  3 centaur skeletons
  4 jellies (Lair:6)
  2 gnoll shamans
  16 orc priests
  A scorpion zombie (D:5)
  3 iguanas
  16 orc wizards
  A killer bee zombie (D:8)
  2 hound skeletons (D:4)
  5 howler monkey zombies
  18 gnolls
  A howler monkey skeleton (D:4)
  7 adders
  7 river rats (Sewer)
  A shadow imp (D:6)
  2 white imps
  4 ufetubi
  An adder skeleton (D:4)
  4 worms
  4 dart slugs
  49 orcs
  5 bats
  7 endoplasms
  6 giant cockroaches
  4 goblins
  8 hobgoblins
  3 jackals (D:5)
  30 kobolds
  2 quokkas (D:4)
  15 ball pythons
  5 frilled lizards
  23 rats
  A lurking horror (Lair:2)
  4 tentacles
1713 creatures vanquished.

Vanquished Creatures (collateral kills)
  Margery (Depths:3)
  2 caustic shrikes (Depths:4)
  A profane servitor (WizLab)
  2 tentacled monstrosities (Depths:4)
  2 shadow dragons
  A storm dragon (Depths:5)
  3 frost giants
  2 deep elf sorcerers (Elf:3)
  3 emperor scorpions
  An iron dragon (Depths:2)
  A vault warden (Vaults:4)
  A draconian annihilator (Depths:5)
  7 fire giants
  2 ghost moths (Spider:4)
  A balrug (Depths:1)
  3 spectral caustic shrikes (Depths:2)
  A spriggan defender (Depths:3)
  3 stone giants
  5 ironbound preservers
  15 very ugly things
  A halazid warlock (Desolation)
  A green draconian (Depths:5)
  A deep elf annihilator (Elf:3)
  A spark wasp (Spider:4)
  A red draconian (Depths:5)
  2 merfolk javelineers
  3 ettins
  2 deep elf death magi (Elf:3)
  5 fire dragons
  A ragged hierophant (Desolation)
  A vault guard (Vaults:4)
  2 jiangshi (Depths:3)
  5 merfolk impalers
  A boulder beetle (Vaults:2)
  A deep elf high priest (Elf:3)
  A yaktaur captain (Vaults:3)
  8 great orbs of eyes
  5 ice dragons
  3 rakshasas
  2 spriggan air magi
  A centaur warrior (Vaults:1)
  A catoblepas (Depths:2)
  2 merfolk aquamancers
  27 dancing weapons
  2 deep troll shamans
  A vampire mage (Depths:3)
  3 spriggan berserkers
  A deep elf knight (Elf:1)
  2 hell knights (Depths:3)
  A soul eater (Depths:4)
  A sun demon (Depths:1)
  A nameless horror (Shoals:3)
  An iron troll (Depths:3)
  12 deep trolls
  A salamander mystic (Depths:3)
  A sea snake (Shoals:4)
  A sea snake (shapeshifter) (Depths:4)
  2 flayed ghosts
  2 necromancers (Depths:4)
  A mana viper (shapeshifter) (Depths:5)
  2 lindwurms (Vaults:1)
  16 harpies
  2 deep elf zephyrmancers (Elf:3)
  An iron dragon zombie (Depths:4)
  9 wolf spiders
  A tengu skeleton (Vaults:3)
  A moth of wrath (Spider:4)
  A deep elf pyromancer (Elf:1)
  A human zombie (Vaults:3)
  2 manticores (Shoals:3)
  A fire giant zombie (Vaults:4)
  2 fauns (Shoals:4)
  15 ugly things
  A vault sentinel (Vaults:4)
  A frost giant skeleton (Vaults:4)
  2 smoke demons
  3 elf skeletons
  An orange demon (Depths:4)
  A demonspawn skeleton (WizLab)
  2 yaktaur zombies (Vaults:3)
  A tormentor (Depths:3)
  A yaktaur (Vaults:3)
  An ice devil (Depths:4)
  An ancient zyme (WizLab)
  7 demonic crawlers
  A red devil (Depths:3)
  4 merfolk
  2 wind drakes (Shoals:4)
  5 jumping spiders
  5 saltlings (Desolation)
  2 snapping turtles
  17 slime creatures
  A blink frog (WizLab)
  2 ettin zombies (Vaults:3)
  7 water elementals
  An air elemental (Elf:1)
  15 redbacks
  2 ynoxinuls
  3 tarantellas (Spider:4)
  A fire elemental (Elf:2)
  2 neqoxecs (Depths:4)
  An ogre zombie (Vaults:3)
  A howler monkey (shapeshifter) (Depths:5)
  A shadow imp (D:6)
317 creatures vanquished.

Vanquished Creatures (others)
  Mara (Shoals:4)
  An eldritch tentacle (WizLab)
  A fire giant (Vaults:3)
  A deep elf demonologist (Elf:3)
  A dancing weapon (Elf:3)
  A wizard (Vaults:1)
  A deep elf pyromancer (D:14)
  A harpy (Shoals:3)
  A manticore (Shoals:3)
  A water nymph (Shoals:4)
  A merfolk (Shoals:4)
  A snapping turtle (Shoals:4)
  43 fungi
  174 plants
  4 starspawn tentacles (WizLab)
  23 tentacles
  2 withered plants (Shoals:2)
258 creatures vanquished.

Grand Total: 2288 creatures vanquished

Notes
Turn   | Place    | Note
-------+----------+-------------------------------------------
     0 | D:1      | siradein the Djinni Venom Mage began the quest for the Orb.
     0 | D:1      | Reached XP level 1. HP: 15/15 MP: 0/0
   272 | D:1      | Reached XP level 2. HP: 19/21 MP: 0/0
   413 | D:1      | Found a faded altar of an unknown god.
  1060 | D:2      | Reached XP level 3. HP: 25/25 MP: 0/0
  1060 | D:2      | Learned a level 1 spell: Sandblast
  2227 | D:2      | Reached XP level 4. HP: 22/31 MP: 0/0
  3547 | D:4      | Found a glowing drain.
  3684 | Sewer    | Entered a sewer
  3701 | Sewer    | Reached XP level 5. HP: 32/35 MP: 0/0
  3701 | Sewer    | Learned a level 2 spell: Blink
  4884 | Sewer    | Reached XP level 6. HP: 35/40 MP: 0/0
  5176 | Sewer    | Reached skill level 5 in Spellcasting
  5599 | D:4      | Reached XP level 7. HP: 41/45 MP: 0/0
  5599 | D:4      | Learned a level 3 spell: Conjure Flame
  5764 | D:4      | Reached skill level 1 in Fighting
  6106 | D:4      | Reached skill level 3 in Dodging
  6749 | D:4      | Reached XP level 8. HP: 52/54 MP: 0/0
  7007 | D:5      | Entered Level 5 of the Dungeon
  7071 | D:5      | Reached skill level 4 in Dodging
  7995 | D:6      | Reached skill level 1 in Armour
  7995 | D:6      | Reached skill level 5 in Dodging
  8101 | D:6      | Reached XP level 9. HP: 42/62 MP: 0/0
  8101 | D:6      | Learned a level 4 spell: Animate Dead
  8287 | D:6      | Upgraded the game from 0.27-a0-1378-gdefffd1ff6 to
                  | 0.27-a0-1500-g450c7e4133
  8350 | D:6      | Found a staircase to the Ecumenical Temple.
  8357 | Temple   | Entered the Ecumenical Temple
  8376 | Temple   | Became a worshipper of Makhleb the Destroyer
  8541 | D:6      | Noticed a hornet
  8545 | D:6      | Killed a hornet
  8555 | D:6      | Reached skill level 6 in Dodging
  8667 | D:6      | Noticed Sigmund
  8670 | D:6      | Killed Sigmund
  8671 | D:6      | Reached skill level 5 in Fighting
  9024 | D:7      | Noticed Pikel
  9026 | D:7      | Killed Pikel
  9027 | D:7      | Reached XP level 10. HP: 69/72 MP: 0/0
  9039 | D:7      | Found an iron altar of Okawaru.
  9054 | D:7      | Found a basalt altar of Yredelemnul.
  9072 | D:7      | Reached * piety under Makhleb
  9073 | D:7      | Reached skill level 7 in Dodging
  9150 | D:7      | Noticed Dowan
  9152 | D:7      | Noticed Duvessa
  9153 | D:7      | Killed Dowan
  9168 | D:7      | Killed Duvessa
  9220 | D:7      | Reached skill level 5 in Armour
  9319 | D:7      | Noticed Menkaure
  9323 | D:7      | Killed Menkaure
  9434 | D:7      | Found a glowing golden altar of the Shining One.
  9513 | D:7      | Found a hazy altar of Hepliaklqana.
  9514 | D:7      | Found a shimmering altar of Xom.
  9515 | D:7      | Noticed a spectral ugly thing
  9758 | D:8      | Found Kohittoh's Magic Scroll Emporium.
  9780 | D:8      | Noticed Psyche
  9807 | D:8      | Killed Psyche
  9808 | D:8      | Reached skill level 8 in Dodging
  9843 | D:8      | Reached XP level 11. HP: 77/79 MP: 0/0
  9843 | D:8      | Learned a level 4 spell: Ice Form
  9862 | D:8      | Bought a scroll of identify for 32 gold pieces
  9973 | D:8      | Reached ** piety under Makhleb
 10006 | D:8      | Found Liceik's Magic Scroll Shop.
 10150 | D:8      | Noticed Maurice
 10153 | D:8      | Killed Maurice
 10518 | D:9      | Found a shadowy altar of Dithmenos.
 10542 | D:9      | Found a transporter.
 10559 | D:9      | Found a transporter.
 10604 | D:9      | Noticed Grum
 10608 | D:9      | Killed Grum
 10609 | D:9      | Reached skill level 9 in Dodging
 10666 | D:9      | Reached skill level 1 in Unarmed Combat
 10706 | D:9      | Noticed a two-headed ogre
 10710 | D:9      | Killed a two-headed ogre
 10950 | D:9      | Found a snail-covered altar of Cheibriados.
 11144 | D:10     | Entered Level 10 of the Dungeon
 11144 | D:10     | Found Gupsuad's Jewellery Shop.
 11174 | D:10     | Reached *** piety under Makhleb
 11200 | D:10     | Found a staircase to the Lair.
 11593 | D:11     | Reached XP level 12. HP: 87/88 MP: 0/0
 11647 | D:11     | Noticed Snorg
 11652 | D:11     | Killed Snorg
 11672 | D:11     | Noticed a boulder beetle
 11681 | D:11     | Killed a boulder beetle
 11749 | D:11     | Noticed a two-headed ogre
 11752 | D:11     | Killed a two-headed ogre
 11795 | D:11     | Reached skill level 10 in Dodging
 11800 | D:11     | Noticed Urug
 11805 | D:11     | Killed Urug
 11832 | D:11     | Found a runed translucent gate.
 11832 | D:11     | Found a runed translucent gate.
 11835 | D:11     | Noticed Nausicaa's ghost (novice MiBe)
 11836 | D:11     | Found a runed translucent gate.
 12344 | Lair:1   | Entered Level 1 of the Lair of Beasts
 12420 | Lair:1   | Identified the +6 rapier of the Ten Dreams {venom, Str-5
                  | Dex+8}
 12850 | Lair:1   | Reached skill level 1 in Evocations
 13211 | Lair:2   | Reached **** piety under Makhleb
 13239 | Lair:2   | Reached skill level 5 in Unarmed Combat
 13309 | Lair:2   | Found a corrupted altar of Lugonu.
 13309 | Lair:2   | Found a one-way gate to the infinite horrors of the Abyss.
 13621 | Lair:2   | Found a staircase to the Shoals.
 13882 | Lair:2   | Reached XP level 13. HP: 87/94 MP: 0/0
 13882 | Lair:2   | Learned a level 5 spell: Lee's Rapid Deconstruction
 13890 | Lair:2   | Reached skill level 1 in Shields
 13925 | Lair:2   | Noticed a six-headed hydra
 13936 | Lair:2   | Killed a six-headed hydra
 14340 | Lair:3   | Noticed a six-headed hydra
 14352 | Lair:3   | Killed a six-headed hydra
 14432 | Lair:3   | Noticed a four-headed hydra
 14488 | Lair:3   | Reached skill level 11 in Dodging
 14491 | Lair:3   | Noticed a six-headed hydra
 14499 | Lair:3   | Killed a six-headed hydra
 14863 | Lair:3   | Killed a four-headed hydra
 15094 | Lair:4   | Reached skill level 10 in Fighting
 15114 | Lair:4   | Noticed a five-headed hydra
 15122 | Lair:4   | Killed a five-headed hydra
 15163 | Lair:4   | Reached ***** piety under Makhleb
 15375 | Lair:4   | Reached XP level 14. HP: 38/103 MP: 0/0
 15538 | Lair:4   | Reached skill level 10 in Spellcasting
 15544 | Lair:4   | Found a hole to the Spider Nest.
 16007 | Lair:5   | Reached skill level 5 in Evocations
 16465 | Lair:6   | Entered Level 6 of the Lair of Beasts
 16466 | Lair:6   | Upgraded the game from 0.27-a0-1500-g450c7e4133 to
                  | 0.27-a0-1555-g0e7b3fb1d2
 16546 | Lair:6   | Reached skill level 5 in Shields
 16688 | Lair:6   | Found a staircase to the Slime Pits.
 16696 | Lair:6   | Reached skill level 10 in Armour
 16741 | Lair:6   | Found a runed translucent gate.
 16741 | Lair:6   | Found a runed translucent gate.
 16746 | Lair:6   | Found a runed translucent gate.
 16826 | Lair:6   | Noticed Laraso's ghost (journeyman DsBe)
 17144 | Lair:6   | Reached ****** piety under Makhleb
 17145 | Lair:6   | Reached skill level 12 in Dodging
 17241 | Lair:6   | Reached XP level 15. HP: 107/109 MP: 0/0
 17241 | Lair:6   | Learned a level 6 spell: Dispersal
 17726 | Lair:6   | Identified the +1 scimitar of Jesadiow {drain, rPois}
 17898 | Lair:6   | Killed Laraso's ghost
 18280 | D:11     | Killed Nausicaa's ghost
 19172 | D:12     | You are sucked into a shaft and drop 3 floors!
 19172 | D:15     | Entered Level 15 of the Dungeon
 19933 | D:14     | Found a transporter.
 20070 | D:14     | Reached XP level 16. HP: 117/117 MP: 0/0
 20163 | D:14     | Found a glowing golden altar of the Shining One.
 20224 | D:14     | Found a transporter.
 20357 | D:14     | Identified the +8 great mace "Megracomp" {vorpal, rPois
                  | Will+}
 20396 | D:13     | Noticed Rupert
 20401 | D:13     | Killed Rupert
 20458 | D:13     | Found a gate to the Vaults.
 20481 | D:12     | Noticed Fannar
 20492 | D:12     | Killed Fannar
 20560 | D:12     | Found a staircase to the Orcish Mines.
 20600 | Orc:1    | Entered Level 1 of the Orcish Mines
 20668 | Orc:2    | Entered Level 2 of the Orcish Mines
 20687 | Orc:2    | Noticed Saint Roka
 20706 | Orc:2    | Killed Saint Roka
 20707 | Orc:2    | Reached skill level 13 in Dodging
 20929 | Orc:2    | Found a staircase to the Elven Halls.
 21096 | Orc:2    | Found Paumif's Distillery.
 21096 | Orc:2    | Found Heogar's Assorted Antiques.
 21096 | Orc:2    | Found Rumaz's Magic Scroll Boutique.
 21096 | Orc:2    | Found Ohepan's Antique Weapon Shoppe.
 21181 | Orc:2    | Bought a scroll of identify for 64 gold pieces
 21184 | Orc:2    | Bought a scroll of identify for 30 gold pieces
 21184 | Orc:2    | Bought a scroll of magic mapping for 52 gold pieces
 21184 | Orc:2    | Bought a scroll of fear for 52 gold pieces
 21184 | Orc:2    | Bought a scroll of summoning for 142 gold pieces
 21184 | Orc:2    | Bought a scroll of amnesia for 52 gold pieces
 21184 | Orc:2    | Bought a scroll of identify for 30 gold pieces
 21184 | Orc:2    | Bought a scroll of noise for 15 gold pieces
 21184 | Orc:2    | Bought a scroll of identify for 30 gold pieces
 21193 | Orc:2    | Identified a scroll of acquirement
 21355 | Orc:1    | Found Fomef's Magic Scroll Emporium.
 21368 | Orc:1    | Reached XP level 17. HP: 123/123 MP: 0/0
 21368 | Orc:1    | Learned a level 6 spell: Death Channel
 21410 | Orc:1    | Bought a scroll of brand weapon for 260 gold pieces
 21410 | Orc:1    | Bought a scroll of enchant armour for 97 gold pieces
 21410 | Orc:1    | Bought 3 scrolls of identify for 78 gold pieces
 21410 | Orc:1    | Bought a scroll of enchant armour for 97 gold pieces
 21410 | Orc:1    | Bought a scroll of enchant armour for 97 gold pieces
 22342 | D:14     | Reached skill level 1 in Invocations
 22496 | D:15     | Found a portal to a secret trove of treasure.
 22767 | D:15     | Reached skill level 10 in Unarmed Combat
 22786 | Trove    | Entered a treasure trove
 22795 | Trove    | Identified the +8 crystal plate armour of the Ultimatums
                  | {Fly rElec Regen+ Dex-4}
 22829 | Trove    | Identified the +1 pair of gloves "Adyp" {Will+}
 22996 | D:15     | Found a staircase to the Depths.
 23343 | Shoals:1 | Entered Level 1 of the Shoals
 23707 | Shoals:1 | Noticed Nikola
 23708 | Shoals:1 | Killed Nikola
 24313 | Shoals:2 | Found Nif Lia's Antique Armour Emporium.
 24496 | Shoals:2 | Found a runed translucent gate.
 24496 | Shoals:2 | Noticed Goiruwuw's ghost (adept MiGl)
 24496 | Shoals:2 | Noticed Goiruwuw's ghost (adept MiGl)
 24498 | Shoals:2 | Found a runed translucent gate.
 24499 | Shoals:2 | Found a runed translucent gate.
 24512 | Shoals:2 | Noticed Goiruwuw's ghost (adept MiGl)
 24653 | Shoals:2 | Noticed a kraken
 24746 | Shoals:2 | Killed a kraken
 24789 | Shoals:2 | Reached XP level 18. HP: 131/131 MP: 0/0
 24900 | Shoals:2 | Noticed a kraken
 24934 | Shoals:2 | Killed a kraken
 25140 | Shoals:2 | Noticed snackwell's ghost (adept KoHu)
 25190 | Shoals:2 | Killed snackwell's ghost
 25191 | Shoals:2 | Reached skill level 14 in Dodging
 25480 | Shoals:4 | Entered Level 4 of the Shoals
 25480 | Shoals:4 | Noticed Mara
 25504 | Shoals:4 | Noticed siradein's illusion
 25536 | Shoals:4 | Noticed a kraken
 25541 | Shoals:4 | Killed a kraken
 25679 | Shoals:4 | Reached skill level 10 in Evocations
 25682 | Shoals:4 | Noticed Ilsuiw
 25692 | Shoals:4 | Killed Ilsuiw
 25729 | Shoals:4 | Reached skill level 5 in Invocations
 25744 | Shoals:4 | Noticed siradein's illusion
 25782 | Shoals:4 | Reached skill level 10 in Shields
 26022 | Shoals:3 | Reached XP level 19. HP: 116/138 MP: 0/0
 26022 | Shoals:3 | Learned a level 7 spell: Monstrous Menagerie
 26885 | Shoals:4 | Got a barnacled rune of Zot
 27154 | Shoals:4 | Noticed siradein's illusion
 27177 | Shoals:4 | Killed Mara
 27607 | Spider:1 | Entered Level 1 of the Spider Nest
 27890 | Spider:1 | Found a large runed translucent door.
 27890 | Spider:1 | Found a large runed translucent door.
 27893 | Spider:1 | Noticed Demosthentine's ghost (adept MfGl)
 28113 | Spider:1 | Killed Demosthentine's ghost
 28368 | Spider:2 | Upgraded the game from 0.27-a0-1555-g0e7b3fb1d2 to
                  | 0.27-a0-1557-g57f10a385c
 29880 | Spider:4 | Entered Level 4 of the Spider Nest
 29954 | Spider:4 | Noticed Louise
 29959 | Spider:4 | Killed Louise
 29960 | Spider:4 | Reached skill level 15 in Dodging
 29967 | Spider:4 | Found the +6 shillelagh "Devastator" {shatter}
 30052 | Spider:4 | Reached XP level 20. HP: 135/146 MP: 0/0
 30133 | Spider:4 | Got a gossamer rune of Zot
 30294 | Spider:4 | Identified the +3 leather armour of the Land of Plenty {rF+
                  | rN+}
 30797 | Vaults:1 | Entered Level 1 of the Vaults
 32173 | Vaults:2 | Found a staircase to the Crypt.
 32737 | Vaults:2 | Noticed Boris
 32772 | Vaults:2 | Killed Boris
 32796 | Vaults:2 | Reached XP level 21. HP: 92/152 MP: 0/0
 32796 | Vaults:2 | Learned a level 7 spell: Summon Hydra
 33514 | Vaults:3 | Found a transporter.
 33525 | Vaults:3 | Found a transporter.
 34135 | Vaults:3 | Reached skill level 16 in Dodging
 34695 | Vaults:3 | HP: 1/154 [ironbound frostheart/creeping frost (36)]
 34995 | Vaults:3 | Noticed an iron giant
 34995 | Vaults:3 | an acid blob changed into an iron giant
 34996 | Vaults:3 | Noticed a caustic shrike
 34996 | Vaults:3 | an iron giant changed into a caustic shrike
 34999 | Vaults:3 | Noticed a juggernaut
 34999 | Vaults:3 | a caustic shrike changed into a juggernaut
 35000 | Vaults:3 | a juggernaut changed into a titan
 35004 | Vaults:3 | Noticed a juggernaut
 35004 | Vaults:3 | a titan changed into a juggernaut
 35008 | Vaults:3 | Noticed a shard shrike
 35008 | Vaults:3 | a juggernaut changed into a shard shrike
 35009 | Vaults:3 | a shard shrike changed into a rockslime
 35010 | Vaults:3 | Noticed a golden dragon
 35010 | Vaults:3 | a rockslime changed into a golden dragon
 35011 | Vaults:3 | a golden dragon changed into a shadow dragon
 35033 | Vaults:3 | Noticed a golden dragon
 35033 | Vaults:3 | a fenstrider witch changed into a golden dragon
 35037 | Vaults:3 | a golden dragon changed into a fire giant
 35059 | Vaults:3 | Reached XP level 22. HP: 86/160 MP: 0/0
 35074 | Vaults:3 | Noticed a juggernaut
 35076 | Vaults:3 | a juggernaut changed into a titan
 35145 | Vaults:3 | Identified the +1 pair of boots of the Vestibule of Hell
                  | {Rampage Str+3}
 35314 | Vaults:4 | Reached skill level 15 in Fighting
 35326 | Vaults:4 | Found a ruined gateway.
 35330 | Desolati | Entered the Desolation of Salt
 35376 | Desolati | Identified the +5 shortbow of Excruciating Pain {freeze,
                  | +Blink rElec rF- rC+}
 35446 | Desolati | Reached skill level 10 in Invocations
 35608 | Desolati | Identified the +6 trident of Animal Spirits {vorpal, rElec
                  | rC+ Int+3}
 35806 | Desolati | Found the +5 robe of Misfortune {Contam Harm *Corrode Drain
                  | *Slow EV+5}
 35867 | Desolati | Identified the ring "Suirchur" {Will+ rCorr Str+3}
 35874 | Desolati | Identified the +7 battleaxe of the Bruised Artists {vorpal,
                  | rF++}
 35986 | Desolati | Identified the ring "Fefur" {rCorr MP+9 Int+5}
 36316 | Vaults:4 | Found Sotiliuv's Antique Weapon Shop.
 37014 | Vaults:4 | Reached XP level 23. HP: 155/167 MP: 0/0
 37014 | Vaults:4 | Learned a level 8 spell: Borgnjor's Revivification
 37978 | Elf:1    | Entered Level 1 of the Elven Halls
 38184 | Elf:1    | Reached skill level 17 in Dodging
 38737 | Elf:2    | Found Pipt's Weapon Boutique.
 39083 | Elf:2    | Found a runed translucent gate.
 39083 | Elf:2    | Found a runed translucent gate.
 39084 | Elf:2    | Found a runed translucent gate.
 39742 | Elf:3    | Entered Level 3 of the Elven Halls
 40236 | Elf:3    | Reached XP level 24. HP: 138/175 MP: 0/0
 40561 | Elf:3    | Identified the +2 leather armour "Tonlaul" {rF+ Dex+2 SInv}
 40561 | Elf:3    | Identified the ring of Resogyce {rF+ rN+ SInv}
 40842 | Elf:3    | Identified the +5 hand axe "Faddez" {vorpal, rPois rC+}
 40845 | Elf:3    | Identified the +1 leather armour "Docohi Zawu" {rElec SInv}
 40927 | Elf:3    | Identified the +6 long sword "Keakahu" {holy, rC+ Str+4}
 41170 | Depths:1 | Entered Level 1 of the Depths
 41251 | Depths:1 | Found a magical portal.
 41256 | WizLab   | Entered The Roulette of Golubria
 41256 | WizLab   | Found a transporter.
 41261 | WizLab   | Found a corrupted altar of Lugonu.
 41333 | WizLab   | Found a transporter.
 41334 | WizLab   | Found a transporter.
 41404 | WizLab   | Found a transporter.
 41408 | WizLab   | Found a transporter.
 41445 | WizLab   | Found a transporter.
 41489 | WizLab   | Found a transporter.
 41507 | WizLab   | Found a corrupted altar of Lugonu.
 41507 | WizLab   | Found a transporter.
 41556 | WizLab   | Found a corrupted altar of Lugonu.
 41559 | WizLab   | Found a transporter.
 41570 | WizLab   | Found a transporter.
 41595 | WizLab   | Found a transporter.
 41621 | WizLab   | Found a transporter.
 41693 | WizLab   | Found a transporter.
 41733 | WizLab   | Found a transporter.
 41733 | WizLab   | Found a transporter.
 41750 | WizLab   | Found a transporter.
 41809 | WizLab   | Found a transporter.
 41809 | WizLab   | Found a transporter.
 41925 | WizLab   | Identified the +0 cloak of Caagetoc {Str+7}
 41936 | WizLab   | Identified the +0 cloak of Gallantry {rPois Str+4}
 42071 | Depths:1 | Acquired the +9 rapier of Unpleasantness {drain, rF+ Str+4
                  | Int+3 Dex-5}
 42072 | Depths:1 | Acquired a manual of Fighting
 42113 | Depths:1 | Upgraded the game from 0.27-a0-1557-g57f10a385c to
                  | 0.27-a0-1565-gad902ab807
 42167 | Depths:1 | Found a gateway to a ziggurat.
 42215 | Depths:1 | Found a sacrificial altar of Ru.
 42446 | Depths:1 | Reached skill level 18 in Dodging
 42467 | Depths:1 | Found a shadowy altar of Dithmenos.
 42789 | Depths:1 | Found a gateway to Hell.
 43132 | Depths:2 | Reached XP level 25. HP: 164/181 MP: 0/0
 43132 | Depths:2 | Learned a level 8 spell: Necromutation
 43164 | Depths:2 | HP: 8/181 [frost giant/bolt of cold (45)]
 43184 | Depths:2 | Reached skill level 15 in Spellcasting
 43609 | Depths:2 | Found Tyluiwuy's Pet Rocks.
 43827 | Depths:2 | Identified the +0 cloak of Neyf Vuu {rN+ Int+3}
 44112 | Depths:3 | Noticed Margery
 44121 | Depths:3 | Killed Margery
 44122 | Depths:3 | Reached skill level 15 in Evocations
 44389 | Depths:3 | Found a one-way gate leading to the halls of Pandemonium.
 44505 | Depths:3 | Noticed a juggernaut
 45157 | Depths:3 | Reached skill level 15 in Shields
 45541 | Depths:3 | Found a transporter.
 45553 | Depths:3 | Found a transporter.
 46275 | Depths:4 | Reached XP level 26. HP: 159/190 MP: 0/0
 46458 | Depths:4 | Upgraded the game from 0.27-a0-1565-gad902ab807 to
                  | 0.27-a0-1590-g15f69828bf
 47402 | Depths:5 | Entered Level 5 of the Depths
 47485 | Depths:5 | Found an opulent altar of Gozag.
 47728 | Depths:5 | Found a gate to the Realm of Zot.
 47780 | Depths:5 | Reached skill level 19 in Dodging
 48004 | Depths:5 | Found Jusoutou's Antique Armour Emporium.
 48052 | Depths:5 | Bought an ominously black robe for 205 gold pieces
 48052 | Depths:5 | Identified the +1 robe of Italiuc {Regen+ Int-4 SInv
                  | Stlth+} (You bought it in a shop on level 5 of the Depths)
 48229 | Depths:5 | Found a shimmering altar of Xom.
 48231 | Depths:5 | Found a hide-covered altar of Uskayaw.
 48231 | Depths:5 | Found a broken altar of Ashenzari.
 48233 | Depths:5 | Found a shimmering altar of Xom.
 48233 | Depths:5 | Found a shimmering altar of Xom.
 48233 | Depths:5 | Found a stormy altar of Qazlal.
 48670 | Vaults:5 | Entered Level 5 of the Vaults
 48680 | Vaults:5 | Noticed an ancient lich
 48707 | Vaults:5 | Noticed an ancient lich
 48737 | Vaults:5 | Killed from afar by an ancient lich

Illustrated notes

Levels and vault maps discovered:
D:1:      dpeg_arrival_tiny_j, layout_basic, ebering_ecumenical_altar_hall
D:2:      layout_loops_cross, minmay_fractal_squares_5
D:3:      layout_basic
D:4:      minmay_recursive_quarters, layout_loops_ring, gup_sewer_entry_glass,
          serial_forest, infiniplex_forest_lined_room_2,
          infiniplex_forest_lined_3_way, infiniplex_forest_zigzag_1,
          infiniplex_forest_straight_3, infiniplex_forest_lined_room_2,
          infiniplex_forest_corner_2
D:5:      layout_rooms
D:6:      layout_rooms, minmay_temple_entry_drinking_statues,
          serial_bayou_pond_d, minmay_checkerbox, uniq_sigmund
D:7:      layout_cave_pools, regret_index_temple_of_mockery,
          grunt_temple_overflow_open, uniq_duvessa, uniq_menkaure, uniq_pikel
D:8:      layout_loops_cross, serial_shops, nicolae_shop_stone,
          nicolae_shop_statue_plus, uniq_maurice, uniq_psyche
D:9:      gammafunk_steamed_eel, layout_small_grid,
          mainiacjoe_overflow_small_starburst, minitemple, dk_noncrumbling_3,
          uniq_grum
D:10:     layout_big_octagon, david_lair_generic, serial_shops,
          nicolae_shop_competitors_out_of_business
D:11:     layout_loops_ring, gammafunk_ghost_nasty_kobolds, uniq_snorg,
          uniq_urug
D:12:     layout_basic, minmay_orc_entry_guard_dogs, uniq_fannar
D:13:     layout_cave_pools, david_vaults_3, statue_in_the_mist_lemuel,
          david_defended_altar_orc
D:14:     gammafunk_the_bubble [the_bubble_gammafunk_grid], layout_long_grid,
          nicolae_tso_carved_into_rock
D:15:     grunt_enter_depths_magical_seal, layout_rooms, enter_trove_3,
          minmay_misc_feat_x
Temple:   cyrus_circular_temple
Lair:1:   layout_roguey, minivault_25
Lair:2:   cheibrodos_lair_overgrown_chateau, layout_loops_ring,
          elwin_shoals_entry_rooms, amcnicky_altar_lugonu_corruption,
          lemuel_fruit_tree
Lair:3:   dpeg_oklob_shooting_range, layout_chaotic_city
Lair:4:   layout_roguey, spider_nest_entry_web_field, st_stairs_5,
          serial_bayou_shore_b, grunt_megastairs_4, serial_bayou_shore_b,
          serial_bayou_shore_b
Lair:5:   layout_roguey
Lair:6:   grunt_lair_end_beastmaster, layout_regular_city,
          nicolae_slime_entry_slimehenge, gammafunk_ghost_necromancy
Shoals:1: layout_shoals, uniq_nikola
Shoals:2: layout_shoals, serial_shops, nicolae_shop_overgrown_old_shop,
          gammafunk_ghost_cemetery
Shoals:3: layout_shoals, nicolae_shoals_pincushion_passage
Shoals:4: shoals_end_grunt_garden, layout_shoals, shoals_ilsuiw_ice, uniq_mara
Spider:1: layout_spider_delve, ebering_ghost_disaster_area
Spider:2: layout_spider_delve, nicolae_spider_some_kinda_spiderbox
Spider:3: layout_spider_delve
Spider:4: grunt_spider_rune_parallel, uniq_louise
Orc:1:    layout_diamond_mine, serial_shops, nicolae_diamond_shop
Orc:2:    st_orc_ogre_mass, layout_caves, uniq_saint_roka
Elf:1:    minmay_elf_arrival_plus, layout_geoelf_octagon,
          hangedman_corner_corridor, wad_floor_pattern_untrapped
Elf:2:    layout_geoelf_octagon, serial_shops, shop, lemuel_elevator
Elf:3:    minmay_elf_hall, layout_gridlike
Vaults:1: hangedman_vaults_stagger, hangedman_vaults_corner_blocks,
          dpeg_vaults_monster_box, ontoclasm_vaults_pinch, v_misc_29,
          ontoclasm_vaults_idyll, layout_vaults_big_room
Vaults:2: vaults_mumra_bighexcomb, nicolae_vaults_specimen_jars,
          vaults_room_semicircle, minmay_crypt_entry_simple_box, v_misc_17,
          vaults_mumra_lcd, v_misc_25, vaults_room_grid,
          grunt_vaults_hallway_long, ontoclasm_vaults_idyll,
          nicolae_vaults_little_squares_6, layout_vaults_omnigrid, uniq_boris
Vaults:3: v_misc_30, vaults_room_grunt_arrival_ludios, gammafunk_sealed_arena,
          v_misc_15, ontoclasm_vaults_loading_screen, vaults_room_corners,
          v_rooms_2, v_rooms_4, hangedman_vaults_pinch, vaults_dpeg_cross,
          vaults_room_semicircle, vaults_dpeg_ring, layout_vaults_omnibox
Vaults:4: v_misc_17, hangedman_vaults_maws, v_alt_pattern_1,
          nicolae_vaults_circle_grid_b, ontoclasm_vaults_claustrophobia,
          hangedman_vaults_snaps, v_misc_30, ontoclasm_vaults_spin,
          hangedman_vaults_capsules, nicolae_vaults_mini_display_case,
          nicolae_vaults_ring_of_whatevers, ontoclasm_vaults_ring_small,
          layout_vaults_ring, portal_desolation_entry_salt, serial_shops,
          nicolae_shop_competitors_out_of_business
Vaults:5: serial_shops
Depths:1: layout_honeycomb, enter_ziggurat_f, grunt_dithmenos_smoke,
          lightli_too_deep, mu_enter_wizlab_2, kennysheep_pointless_box,
          nrook_pool_corridor, chequers_hall_statues_corner_a,
          hangedman_ru_absence
Depths:2: minmay_inside_and_out, layout_cave_pools, fiery_altar_vehumet,
          pf_hell_entry_tar_river, guppyfry_shop_earth, grunt_megastairs_5,
          infiniplex_staircase_squiggle
Depths:3: emtedronai_trogs_sanctum, layout_gridlike, pf_hell_entry_great_geh,
          rand_demon_pan_entry_8, minmay_misc_feat_columns,
          grunt_decor_junction, grunt_decor_clamped, minmay_misc_feat_ornament,
          uniq_margery
Depths:4: grunt_deathspiral_small, layout_gridlike, hell_entry,
          abyss_entry_crystal, grunt_pan_entry_in_and_out,
          infiniplex_staircase_zigzag_3
Depths:5: grunt_zot_entry_tricorne, layout_small_grid, doesnt_xom_only_xom,
          hangedman_coc_ice_floe, serial_shops, shop, drop_trap,
          nicolae_gozag_cash_rules_everything_around_me

Skill      XL: |  1  2  3  4  5  6  7  8  9 10 11 12 13 14 15 16 17 18 19 20 21 22 23 24 25 26 |
---------------+-------------------------------------------------------------------------------+-----
Spellcasting   | 3 4 5 6 7 8 9 10 11 12 13 14 15 16 | 16.2
Fighting       | 2 4 5 7 8 9 10 11 12 13 14 15 16 17 | 17.6
Dodging        | 3 5 6 8 9 10 11 12 13 14 15 16 17 18 19 | 19.1
Armour         | 1 4 6 7 8 9 10 11 12 13 14 | 14.0
Unarmed Combat | 2 5 6 7 8 9 10 11 | 11.0
Evocations     | 2 4 6 7 8 9 10 11 12 13 14 15 | 15.8
Shields        | 3 5 7 8 9 10 11 12 13 14 15 | 15.7
Invocations    | 3 5 6 8 9 10 11 12 13 | 13.9
Stealth        | |  1.5

Action                   |  1- 3 |  4- 6 |  7- 9 | 10-12 | 13-15 | 16-18 | 19-21 | 22-24 | 25-27 || total
-------------------------+-------+-------+-------+-------+-------+-------+-------+-------+-------++-------
Melee: Short sword       |    15 |       |       |     3 |       |       |       |       |       ||    18
       Unarmed           |       |       |       |    66 |    67 |    62 |    14 |     3 |       ||   212
       Rapier            |       |       |       |       |    93 |       |       |       |       ||    93
       Staff             |       |       |       |       |    10 |    20 |    31 |     1 |       ||    62
       Trident           |       |       |       |       |       |       |       |     3 |       ||     3
 Cast: Sting             |    21 |       |       |       |       |       |       |       |       ||    21
       Sandblast         |    29 |    56 |    65 |    30 |    25 |    10 |     2 |       |       ||   217
       Poisonous Vapours |     9 |    58 |    30 |    45 |    75 |   122 |    86 |   110 |    64 ||   599
       Mephitic Cloud    |     1 |     6 |    23 |    69 |   123 |    89 |    44 |    36 |    39 ||   430
       Ignite Poison     |       |     4 |    28 |    81 |   177 |   208 |   264 |   212 |    81 ||  1055
       Olgreb's Toxic Ra |       |       |    15 |    37 |    70 |   126 |   139 |   118 |    69 ||   574
       Animate Dead      |       |       |     1 |     1 |     1 |     7 |    52 |    41 |    44 ||   147
       Conjure Flame     |       |       |     1 |       |       |     5 |     1 |       |       ||     7
       Blink             |       |       |       |     4 |    32 |    41 |    33 |    24 |     8 ||   142
       Ice Form          |       |       |       |     6 |     6 |     3 |     2 |     1 |       ||    18
       Lee's Rapid Decon |       |       |       |       |     5 |    27 |    63 |   165 |   102 ||   362
       Death Channel     |       |       |       |       |       |    11 |    48 |    34 |    36 ||   129
       Dispersal         |       |       |       |       |       |     4 |     7 |     4 |     7 ||    22
       Monstrous Menager |       |       |       |       |       |       |    22 |       |       ||    22
       Summon Hydra      |       |       |       |       |       |       |    11 |    48 |    50 ||   109
Invok: Lesser Servant of |       |       |       |       |       |       |     1 |       |       ||     1
 Abil: End Transformatio |       |       |       |       |       |     2 |       |     1 |       ||     3
Evoke: Phantom mirror    |       |       |       |       |       |       |     2 |       |       ||     2
       Wand              |       |       |       |       |       |       |       |       |     1 ||     1
  Use: Scroll            |       |       |       |    11 |     4 |    13 |     4 |     7 |     4 ||    43
       Potion            |       |       |       |       |       |     1 |     2 |       |     2 ||     5
 Stab: Confused          |       |       |       |       |     4 |       |       |       |       ||     4
       Distracted        |       |       |       |       |     2 |     1 |       |       |       ||     3
Armor: Robe              |     4 |     2 |     3 |       |       |       |     8 |    39 |    28 ||    84
       Acid dragon scale |       |       |     3 |     9 |    43 |   105 |    72 |       |       ||   232
       Skin              |       |       |       |    20 |    18 |    20 |     9 |     1 |       ||    68
Dodge: Dodged            |    18 |    14 |    32 |    84 |   156 |   225 |   155 |   155 |   153 ||   992
Block: Kite shield       |       |       |       |     5 |   103 |    22 |       |       |   126 ||   256
       Buckler           |       |       |       |       |       |   101 |   104 |    93 |       ||   298
       Tower shield      |       |       |       |       |       |       |     7 |       |       ||     7
       Reflection        |       |       |       |       |       |       |       |       |    14 ||    14

Table legend: (Time is in decaauts)
 A = Elapsed time spent in this place.
 B = Non-inter-level travel time spent in this place.
 C = Inter-level travel time spent in this place.
 D = Time resting spent in this place.
 E = Time spent auto-exploring this place.
 F = Levels seen in this place.
 G = Mean time per level.
                   A        B        C        D        E       F      G
               +--------+--------+--------+--------+--------+-----+--------+
         Total |  49400 |  45854 |   3546 |   1615 |  33033 |  49 | 1008.2 |
       Dungeon |  15080 |  13677 |   1403 |   1010 |  10329 |  15 | 1005.3 |
        Temple |     24 |     24 |      0 |      0 |      9 |   1 |   24.0 |
          Lair |   6245 |   5582 |    663 |    104 |   4207 |   6 | 1040.8 |
        Shoals |   4176 |   4089 |     87 |     57 |   2674 |   4 | 1044.0 |
   Spider Nest |   3039 |   2796 |    243 |    100 |   2027 |   4 |  759.8 |
  Orcish Mines |   1120 |   1001 |    119 |      0 |    691 |   2 |  560.0 |
   Elven Halls |   3102 |   2849 |    253 |      0 |   1956 |   3 | 1034.0 |
        Vaults |   6309 |   5821 |    488 |    148 |   3984 |   5 | 1261.8 |
        Depths |   6818 |   6532 |    286 |     18 |   4762 |   5 | 1363.6 |
         Trove |    142 |    142 |      0 |      0 |      6 |   1 |  142.0 |
         Sewer |   1844 |   1844 |      0 |    178 |   1437 |   1 | 1844.0 |
        Wizlab |    763 |    763 |      0 |      0 |    433 |   1 |  763.0 |
    Desolation |    732 |    732 |      0 |      0 |    514 |   1 |  732.0 |
               +--------+--------+--------+--------+--------+-----+--------+

Top non-repeatable levels by time:
Vaults:3: 1848 daAuts
   Sewer: 1844 daAuts
Depths:4: 1820 daAuts
Vaults:2: 1697 daAuts
Depths:3: 1658 daAuts
     D:4: 1634 daAuts
  Lair:6: 1500 daAuts
  Lair:2: 1418 daAuts
Vaults:4: 1389 daAuts
     D:1: 1340 daAuts
Vaults:1: 1306 daAuts
     D:5: 1304 daAuts
     D:2: 1272 daAuts
Depths:1: 1261 daAuts
    D:14: 1217 daAuts
